 Dungeon Crawl Stone Soup version 0.22-a0-284-g99d1f74 (webtiles) character file.

1148 matakusis the Summoner (level 8, -5/41 HPs)
             Began as a Deep Elf Summoner on Mar 21, 2018.
             Was a Follower of Sif Muna.
             Shot with an arrow by a centaur (9 damage)
             ... on level 7 of the Dungeon.
             The game lasted 00:23:34 (5078 turns).

matakusis the Summoner (Deep Elf Summoner)          Turns: 5078, Time: 00:23:34

Health: -5/41      AC:  2    Str:  5    XL:     8   Next: 15%
Magic:  13/21      EV: 13    Int: 23    God:    Sif Muna [*.....]
Gold:   282        SH:  0    Dex: 17    Spells: 11/22 levels left

rFire    . . .     SeeInvis .   f - +3 dagger (venom)
rCold    . . .     Gourm    .   (no shield)
rNeg     . . .     Faith    .   a - +0 robe
rPois    .         Spirit   .   (no helmet)
rElec    .         Reflect  .   (no cloak)
rCorr    .         Harm     .   (no gloves)
MR       +....                  (no boots)
Stlth    ++........             (no amulet)
HPRegen  0.13/turn              (no ring)
MPRegen  0.17/turn              (no ring)

@: no status effects
A: agile 1, deterioration 1, magic resistance 1
a: Divine Energy, Renounce Religion


You were on level 7 of the Dungeon.
You worshipped Sif Muna.
Sif Muna was aware of your devotion.
You were not hungry.

You visited 2 branches of the dungeon, and saw 8 of its levels.
You also visited: Sewer.

You collected 282 gold pieces.

Inventory:

Hand Weapons
 f - a +3 dagger of venom (weapon)
Missiles
 h - 165 arrows
Armour
 a - a +0 robe (worn)
Jewellery
 e - an uncursed ring of ice
Scrolls
 d - 4 scrolls of identify
 g - 2 scrolls of fear
 i - 4 scrolls of remove curse
 p - 2 scrolls of teleportation
 q - 2 scrolls of amnesia
Potions
 b - a potion of cancellation
 j - a potion of resistance
 k - a potion of lignification
 l - 6 potions of curing
 m - a potion of heal wounds
 n - a potion of brilliance
 o - a potion of magic
Comestibles
 c - 11 rations
 r - 4 chunks of flesh


   Skills:
 - Level 2.4 Dodging
 - Level 2.4 Stealth
 + Level 7.5 Spellcasting
 * Level 9.4 Summonings
 + Level 2.3 Ice Magic
 - Level 1.1 Air Magic


You had 11 spell levels left.
You knew the following spells:

 Your Spells              Type           Power        Failure   Level  Hunger
a - Summon Small Mammal   Summ           ####         1%          1    None
b - Call Imp              Summ           ######..     1%          2    None
c - Summon Ice Beast      Ice/Summ       #####...     6%          4    ###....
d - Summon Lightning Spi  Summ/Air       ####....     9%          4    ###....


Dungeon Overview and Level Annotations

Branches:
Dungeon (7/15)             Temple (1/1) D:6

Altars:
Ashenzari
Cheibriados
Dithmenos
Fedhas
Gozag
Hepliaklqana
Kikubaaqudgha
Makhleb
Nemelex Xobeh
Okawaru
Qazlal
Ru
Sif Muna
Trog
Uskayaw
Vehumet
Wu Jian
Xom
Yredelemnul
Zin
The Shining One

Shops:
D:5 %


Innate Abilities, Weirdness & Mutations

You are agile. (Dex +2)
Your body sometimes deteriorates upon taking damage.
You are resistant to hostile enchantments. (MR+)


Message History

The arrow hits your ice beast.
An arrow appears from out of your range of vision.
The arrow hits your ice beast!
Your ice beast dies!
An arrow appears from out of your range of vision.
The arrow closely misses your shadow imp.
You swap places.
A centaur comes into view. It is wielding a shortbow.
The centaur shoots an arrow.
The arrow hits you!
Your crimson imp blinks!
The centaur shoots an arrow.
The arrow hits you!
* * * LOW HITPOINT WARNING * * *
A bullfrog comes into view.
You see here 2 arrows.
The centaur shoots an arrow.
The arrow misses you.
You see here an arrow.
The centaur shoots an arrow.
The arrow closely misses you.
You see here an arrow.
The centaur shoots an arrow.
The arrow hits you!
You die...

.........(............
...................c..
.....................
......................
.................## ..
###..........(...##..#
#..........5(.#.....
#..........Y(.F.....
#......)...@........
........)............
#.....#....)..........
......#..5............
......................
.......(.........
.................
................
...............


You could see a bullfrog, a centaur, a friendly ice beast, a friendly crimson
imp and a friendly shadow imp.

Vanquished Creatures
  A crimson imp (D:7)
  A hound (D:5)
  A ball python (Sewer)
  2 bats (D:2)
  2 goblins (D:3)
  2 hobgoblins
  2 quokkas
  2 kobolds
  2 rats
15 creatures vanquished.

Vanquished Creatures (collateral kills)
  Edmund (D:4)
  A water moccasin (D:7)
  A sky beast (D:6)
  Duvessa (D:4)
  3 ogres
  2 phantoms
  A centaur (D:6)
  A gnoll sergeant (D:5)
  3 big kobolds (Sewer)
  3 bullfrogs
  Dowan (D:4)
  A scorpion (D:4)
  A crimson imp (D:6)
  A quasit (D:5)
  A centaur skeleton (D:4)
  3 orc wizards (D:7)
  An iguana (D:5)
  2 worker ants
  2 hound skeletons
  6 gnolls (D:5)
  A river rat (Sewer)
  6 adders
  4 oozes
  2 adder zombies (D:5)
  An adder skeleton (D:5)
  2 worms
  3 dart slugs
  6 leopard geckos
  4 orcs
  12 giant cockroaches
  6 goblins
  8 hobgoblins
  3 jackals (D:2)
  11 kobolds
  5 quokkas
  2 ball pythons (Sewer)
  6 bats
  5 frilled lizards
  10 rats
133 creatures vanquished.

Grand Total: 148 creatures vanquished

Notes
Turn   | Place    | Note
-------+----------+-------------------------------------------
     0 | D:1      | matakusis the Deep Elf Summoner began the quest for the Orb.
     0 | D:1      | Reached XP level 1. HP: 10/10 MP: 6/6
   186 | D:1      | Reached XP level 2. HP: 15/15 MP: 6/8
   190 | D:1      | Learned a level 2 spell: Call Imp
   289 | D:1      | Reached skill level 5 in Summonings
   917 | D:2      | Reached XP level 3. HP: 19/19 MP: 4/9
  2285 | D:4      | Reached XP level 4. HP: 24/24 MP: 3/12
  2324 | D:4      | Reached skill level 6 in Summonings
  2352 | D:4      | Noticed Edmund
  2419 | D:4      | Found an iron altar of Okawaru.
  2550 | D:4      | Found a glowing drain.
  2574 | Sewer    | Entered a sewer
  2627 | Sewer    | Reached XP level 5. HP: 28/28 MP: 11/13
  2793 | Sewer    | Reached skill level 5 in Spellcasting
  2803 | Sewer    | Reached skill level 7 in Summonings
  3114 | D:4      | Noticed Duvessa
  3116 | D:4      | Noticed Dowan
  3130 | D:4      | Learned a level 4 spell: Summon Ice Beast
  3135 | D:4      | Learned a level 4 spell: Summon Lightning Spire
  3151 | D:4      | Killed Duvessa
  3151 | D:4      | Reached XP level 6. HP: 27/32 MP: 8/16
  3168 | D:4      | Killed Dowan
  3262 | D:4      | Killed Edmund
  3461 | D:5      | Entered Level 5 of the Dungeon
  3578 | D:5      | Reached XP level 7. HP: 36/36 MP: 6/18
  3613 | D:5      | Identified the Tome of Cloudy Combat Magic
  3670 | D:5      | Reached skill level 8 in Summonings
  3759 | D:5      | Found Suob's Food Shoppe.
  3866 | D:5      | Gained mutation: Your body sometimes deteriorates upon taking damage. [potion of mutation]
  3866 | D:5      | Gained mutation: You are agile. (Dex +2) [potion of mutation]
  3866 | D:5      | Gained mutation: You are resistant to hostile enchantments. (MR+) [potion of mutation]
  3893 | D:5      | Reached skill level 1 in Air Magic
  4024 | D:5      | Found a basalt altar of Yredelemnul.
  4281 | D:6      | Found a hide-covered altar of Uskayaw.
  4302 | D:6      | Reached skill level 1 in Ice Magic
  4335 | D:6      | Found a snail-covered altar of Cheibriados.
  4402 | D:6      | Found a staircase to the Ecumenical Temple.
  4418 | Temple   | Entered the Ecumenical Temple
  4438 | Temple   | Became a worshipper of Sif Muna the Loreminder
  4955 | D:7      | Reached skill level 9 in Summonings
  4962 | D:7      | Found an ancient bone altar of Kikubaaqudgha.
  5007 | D:7      | Reached XP level 8. HP: 23/41 MP: 13/21
  5041 | D:7      | Reached * piety under Sif Muna
  5078 | D:7      | Shot with an arrow by a centaur

Vault maps used:
D:1:      mrwooster_arrival_statue
D:3:      first_ration, serial_park_tiny_2, minmay_stone_trees_medium
D:4:      lemuel_round_altar, portal_sewer_entry_f, uniq_duvessa, uniq_edmund
D:5:      yredelemnul_altar_generic, serial_shops, shop,
          minmay_misc_feat_secret_circle
D:6:      cheibriados_altar_1, kennysheep_mini, minmay_temple_entry_glassed_door
D:7:      old_standard_altar
Temple:   nicolae_temple_elliptical
Sewer:    sewer_co_15_rooms

Skill      XL: |  1  2  3  4  5  6  7 |
---------------+----------------------+-----
Summonings     | 5 6 7 9 |  9.4
Spellcasting   | 4 5 6 7 |  7.5
Air Magic      | 1 |  1.1
Ice Magic      | 2 |  2.3
Dodging        | |  2.4
Stealth        | |  2.4

Action                   |  1- 3 |  4- 6 |  7- 9 || total
-------------------------+-------+-------+-------++-------
Melee: Unarmed           |     3 |       |       ||     3
       Dagger            |    25 |    32 |    21 ||    78
 Cast: Summon Small Mamm |    14 |       |       ||    14
       Call Imp          |    50 |    24 |     2 ||    76
       Summon Ice Beast  |       |     7 |    18 ||    25
       Summon Lightning  |       |     6 |    11 ||    17
  Use: Scroll            |     8 |     2 |     5 ||    15
       Potion            |     2 |     5 |     1 ||     8
 Stab: Sleeping          |     3 |       |       ||     3
       Distracted        |       |       |     1 ||     1
  Eat: Chunk             |     5 |     6 |     5 ||    16
       Ration            |       |       |     1 ||     1
Armor: Robe              |    10 |     1 |    12 ||    23
       Skin              |       |    19 |       ||    19
Dodge: Dodged            |    55 |    22 |    27 ||   104

Table legend:
 A = Spawn XP
 B = Non-spawn XP
 C = Spawn XP percentage of total XP
 D = Spawn monster count
 E = Non-spawn monster count
 F = Spawn count percentage of total count
 G = Total turns spent on level
                    A         B        C        D         E        F      G
               +---------+---------+-------+---------+---------+-------+---------
         Total |       0 |    1640 |   0.0 |       0 |     148 |   0.0 |  5078
               +---------+---------+-------+---------+---------+-------+---------
           D:1 |       0 |      33 |   0.0 |       0 |      26 |   0.0 |   797
           D:2 |       0 |      29 |   0.0 |       0 |      25 |   0.0 |   712
           D:3 |       0 |      31 |   0.0 |       0 |      16 |   0.0 |   735
           D:4 |       0 |     326 |   0.0 |       0 |      20 |   0.0 |   861
           D:5 |       0 |     392 |   0.0 |       0 |      24 |   0.0 |   812
           D:6 |       0 |     272 |   0.0 |       0 |       9 |   0.0 |   544
           D:7 |       0 |     377 |   0.0 |       0 |       8 |   0.0 |   127
         Sewer |       0 |     180 |   0.0 |       0 |      20 |   0.0 |   356
               +---------+---------+-------+---------+---------+-------+---------
